NCAA
COLORADO BUFFALOES @ WEST VIRGINIA MOUNTAINEERS
04/24/2025
 
TOP OF THE 1ST
Colorado Buffaloes batting - Pitching for West Virginia Mountaineers : RHP Luis Costa
Pitching: RHP Luis Costa
Batting: LHB Will Elliott 0-0: Ball
1-0: Ball
2-0: Ball
3-0: Base on Balls
Batting: RHB Henry Barker 0-0: Ball
1-0: Foul Ball, location: 2F
1-1: Ball
2-1: Fly out, F9 (Flyball, 89M)
Batting: RHB Pedro Romero 0-0: Ball
1-0: Called Strike
1-1: SINGLE (Line Drive, 4D)
Will Elliott to second
Will Elliott to third
Batting: RHB Ray Rogers 0-0: Ball
1-0: Ball
Pedro Romero is caught stealing 2nd base
2-0: Foul Ball, location: 2F
2-1: Foul Ball, location: 2F
2-2: Foul Ball, location: 2F
2-2: Foul Ball, location: 2F
2-2: Ball
3-2: Base on Balls
Batting: RHB Ramón Chávez 0-0: Ball
1-0: Ball
2-0: Fly out, F6 (Line Drive, 6M)
Top of the 1st over - 0 run(s), 1 hit(s), 0 error(s), 2 left on base; Colorado 0 - West Virginia 0
BOTTOM OF THE 1ST
West Virginia Mountaineers batting - Pitching for Colorado Buffaloes : RHP Ken Thomas
Pitching: RHP Ken Thomas
Batting: RHB Howard Gould 0-0: Called Strike
0-1: Ball
1-1: Swinging Strike
1-2: Strikes out looking
Batting: SHB Jonathan Woodard 0-0: Called Strike
0-1: Swinging Strike
0-2: Strikes out swinging
Batting: RHB Elvis Bingham 0-0: Foul Ball, location: 2F
0-1: Foul Ball, location: 2F
0-2: Ground out 6-3 (Groundball, 6)
Bottom of the 1st over - 0 run(s), 0 hit(s), 0 error(s), 0 left on base; Colorado 0 - West Virginia 0
TOP OF THE 2ND
Colorado Buffaloes batting - Pitching for West Virginia Mountaineers : RHP Luis Costa
Batting: LHB Marcos Fontanez 0-0: Called Strike
0-1: Ground out 4-3 (Groundball, 4)
Batting: LHB Ethan Shaw 0-0: Ball
1-0: Fly out, F6 (Popup, 6S)
Batting: LHB Clarence Bowers 0-0: Called Strike
0-1: Ball
1-1: Ball
2-1: Ground out 4-3 (Groundball, 4)
Top of the 2nd over - 0 run(s), 0 hit(s), 0 error(s), 0 left on base; Colorado 0 - West Virginia 0
BOTTOM OF THE 2ND
West Virginia Mountaineers batting - Pitching for Colorado Buffaloes : RHP Ken Thomas
Batting: LHB Nick Gamble 0-0: Fly out, F9 (Line Drive, 9M)
Batting: RHB Paul Rainford 0-0: Called Strike
0-1: Foul Ball, location: 2F
0-2: Ball
1-2: Ball
2-2: Foul Ball, location: 2F
2-2: Ball
3-2: Strikes out swinging
Batting: RHB Gary Stephenson 0-0: Foul Ball, location: 2F
0-1: Swinging Strike
0-2: Foul Ball, location: 2F
0-2: Ball
1-2: Strikes out swinging
Bottom of the 2nd over - 0 run(s), 0 hit(s), 0 error(s), 0 left on base; Colorado 0 - West Virginia 0
TOP OF THE 3RD
Colorado Buffaloes batting - Pitching for West Virginia Mountaineers : RHP Luis Costa
Batting: RHB Eddie Woods 0-0: Called Strike
0-1: Bunt for hit - play at first, batter OUT! 3-4
Batting: LHB Will Elliott 0-0: Ball
1-0: Called Strike
1-1: Ground out 4-3 (Groundball, 4M)
Batting: RHB Henry Barker 0-0: Ball
1-0: Foul Ball, location: 2F
1-1: Foul Ball, location: 2F
1-2: Strikes out swinging
Top of the 3rd over - 0 run(s), 0 hit(s), 0 error(s), 0 left on base; Colorado 0 - West Virginia 0
BOTTOM OF THE 3RD
West Virginia Mountaineers batting - Pitching for Colorado Buffaloes : RHP Ken Thomas
Batting: RHB Drew Logan 0-0: Ball
1-0: SOLO HOME RUN (Flyball, 7D), Distance : 344 ft
Batting: RHB Jason MacKnight 0-0: Called Strike
0-1: SINGLE (Groundball, 56D)
Batting: RHB Luis Costa 0-0: Ball
1-0: Called Strike
1-1: Fly out, F4 (Line Drive, 34)
Batting: RHB Howard Gould 0-0: Ball
1-0: Foul Ball, location: 2F
1-1: Ball
2-1: Called Strike
2-2: Strikes out swinging
Batting: SHB Jonathan Woodard 0-0: Ball
1-0: Fly out, F2 (Popup, 2LF)
Bottom of the 3rd over - 1 run(s), 2 hit(s), 0 error(s), 1 left on base; Colorado 0 - West Virginia 1
TOP OF THE 4TH
Colorado Buffaloes batting - Pitching for West Virginia Mountaineers : RHP Luis Costa
Batting: RHB Pedro Romero 0-0: Ground out 5-3 (Groundball, 56)
Batting: RHB Ray Rogers 0-0: Ball
1-0: Called Strike
1-1: Ball
2-1: Foul Ball, location: 2F
2-2: SOLO HOME RUN (Flyball, 78XD), Distance : 372 ft
Batting: RHB Ramón Chávez 0-0: SINGLE (Line Drive, 4M)
Batting: LHB Marcos Fontanez 0-0: Ball
Ramón Chávez steals 2nd base
1-0: Fly out, F5 (Popup, 5F)
Batting: LHB Ethan Shaw 0-0: SINGLE (Line Drive, 7LM)
Ramón Chávez to third
Runner from 3rd tries for Home, SAFE, no throw or cutoff
Batting: LHB Clarence Bowers 0-0: Ball
1-0: Foul Ball, location: 2F
1-1: Foul Ball, location: 2F
1-2: Ball
2-2: Foul Ball, location: 2F
2-2: Ground out U3 (Groundball, 3S)
Top of the 4th over - 2 run(s), 3 hit(s), 0 error(s), 1 left on base; Colorado 2 - West Virginia 1
BOTTOM OF THE 4TH
West Virginia Mountaineers batting - Pitching for Colorado Buffaloes : RHP Ken Thomas
Batting: RHB Elvis Bingham 0-0: Ball
1-0: Swinging Strike
1-1: Foul Ball, location: 2F
1-2: Ball
2-2: Fly out, F2 (Popup, 2RF)
Batting: LHB Nick Gamble 0-0: Ball
1-0: Ball
2-0: SOLO HOME RUN (Line Drive, 7LD), Distance : 334 ft
Batting: RHB Paul Rainford 0-0: Ball
1-0: Foul Ball, location: 2F
1-1: Ball
2-1: Ball
3-1: Foul Ball, location: 2F
3-2: DOUBLE (Flyball, 78XD)
Batting: RHB Gary Stephenson 0-0: Foul Ball, location: 2F
0-1: Fly out, F4 (Popup, 4D)
Batting: RHB Drew Logan 0-0: Ball
1-0: Ball
2-0: Ball
3-0: Called Strike
3-1: Base on Balls
Batting: RHB Jason MacKnight 0-0: Ball
1-0: Ground out 4-3 (Groundball, 34)
Bottom of the 4th over - 1 run(s), 2 hit(s), 0 error(s), 2 left on base; Colorado 2 - West Virginia 2
TOP OF THE 5TH
Colorado Buffaloes batting - Pitching for West Virginia Mountaineers : RHP Luis Costa
Batting: RHB Eddie Woods 0-0: Swinging Strike
0-1: Fly out, F9 (Line Drive, 9S)
Batting: LHB Will Elliott 0-0: Ball
1-0: Called Strike
1-1: Foul Ball, location: 2F
1-2: Ball
2-2: Foul Ball, location: 2F
2-2: Strikes out swinging
Batting: RHB Henry Barker 0-0: SINGLE (Line Drive, 7S)
Batting: RHB Pedro Romero 0-0: Foul Ball, location: 2F
0-1: Ball
1-1: Foul Ball, location: 2F
1-2: Ball
2-2: Foul Ball, location: 2F
2-2: Strikes out swinging
Top of the 5th over - 0 run(s), 1 hit(s), 0 error(s), 1 left on base; Colorado 2 - West Virginia 2
BOTTOM OF THE 5TH
West Virginia Mountaineers batting - Pitching for Colorado Buffaloes : RHP Ken Thomas
Batting: RHB Luis Costa 0-0: Ball
1-0: Ball
2-0: Fly out, F7 (Flyball, 7LM)
Batting: RHB Howard Gould 0-0: Ball
1-0: Ball
2-0: SINGLE (Groundball, 5D)
Batting: SHB Jonathan Woodard 0-0: Ball
Howard Gould is caught stealing 2nd base
1-0: Ball
2-0: Ball
3-0: Base on Balls
Batting: RHB Elvis Bingham 0-0: Foul Ball, location: 2F
0-1: Called Strike
0-2: Ball
1-2: Strikes out swinging
Bottom of the 5th over - 0 run(s), 1 hit(s), 0 error(s), 1 left on base; Colorado 2 - West Virginia 2
TOP OF THE 6TH
Colorado Buffaloes batting - Pitching for West Virginia Mountaineers : RHP Luis Costa
Batting: RHB Ray Rogers 0-0: Swinging Strike
0-1: SOLO HOME RUN (Flyball, 78D), Distance : 364 ft
Batting: RHB Ramón Chávez 0-0: Swinging Strike
0-1: Ball
1-1: Ball
2-1: Ball
3-1: Fly out, F7 (Flyball, 7M)
Batting: LHB Marcos Fontanez 0-0: Ball
1-0: Called Strike
1-1: Swinging Strike
1-2: Strikes out swinging
Batting: LHB Ethan Shaw 0-0: Called Strike
0-1: Ground out 4-3 (Groundball, 4)
Top of the 6th over - 1 run(s), 1 hit(s), 0 error(s), 0 left on base; Colorado 3 - West Virginia 2
BOTTOM OF THE 6TH
West Virginia Mountaineers batting - Pitching for Colorado Buffaloes : RHP Ken Thomas
Batting: LHB Nick Gamble 0-0: Ball
1-0: Ball
2-0: Foul Ball, location: 2F
2-1: Ball
3-1: Foul Ball, location: 2F
3-2: Base on Balls
Pitching: LHP Víctor Ramírez
Batting: RHB Paul Rainford 0-0: Swinging Strike
0-1: Ball
1-1: Ball
2-1: Ball
3-1: Fly out, F4 (Line Drive, 4M)
3-1: Fly out, F4 (Line Drive, 4M)
Batting: RHB Gary Stephenson 0-0: Called Strike
0-1: Fly out, F8 (Flyball, 8RM)
Batting: RHB Drew Logan 0-0: Called Strike
0-1: Foul Ball, location: 2F
0-2: Ball
1-2: Ball
2-2: Strikes out swinging
Bottom of the 6th over - 0 run(s), 0 hit(s), 0 error(s), 1 left on base; Colorado 3 - West Virginia 2
TOP OF THE 7TH
Colorado Buffaloes batting - Pitching for West Virginia Mountaineers : RHP Luis Costa
Pitching: RHP Jim Rawnsley
Batting: LHB Clarence Bowers 0-0: Ball
1-0: Hit by Pitch
Batting: RHB Eddie Woods 0-0: Bunted foul
0-1: Sac Bunt - play at first, batter OUT! 1-4
Clarence Bowers to second
Batting: LHB Will Elliott 0-0: Fly out, F8 (Flyball, 8RM)
Batting: RHB Henry Barker 0-0: Called Strike
0-1: Ball
1-1: Ball
2-1: Ball
3-1: Base on Balls
Batting: RHB Pedro Romero 0-0: Ball
1-0: Called Strike
1-1: Foul Ball, location: 2F
1-2: Foul Ball, location: 2F
1-2: Ball
2-2: Ball
3-2: Base on Balls
Clarence Bowers to third
Henry Barker to second
Batting: RHB Ray Rogers 0-0: Ball
1-0: Ball
2-0: Called Strike
2-1: Ball
3-1: Base on Balls
Clarence Bowers scores
Henry Barker to third
Pedro Romero to second
Batting: RHB Ramón Chávez 0-0: Fly out, F7 (Flyball, 8LM)
Top of the 7th over - 1 run(s), 0 hit(s), 0 error(s), 3 left on base; Colorado 4 - West Virginia 2
BOTTOM OF THE 7TH
West Virginia Mountaineers batting - Pitching for Colorado Buffaloes : LHP Víctor Ramírez
Batting: RHB Jason MacKnight 0-0: Ball
1-0: Ball
2-0: Foul Ball, location: 2F
2-1: Ball
3-1: Swinging Strike
3-2: Strikes out looking
Batting: RHB Luis Costa 0-0: Called Strike
0-1: Ball
1-1: Foul Ball, location: 2F
1-2: SINGLE (Groundball, 15S) (infield hit)
Batting: RHB Howard Gould 0-0: Called Strike
0-1: Ball
Wild Pitch!
Luis Costa to second
1-1: Ball
2-1: Ball
3-1: Bunted foul
3-2: Strikes out swinging
Batting: SHB Jonathan Woodard 0-0: Ground out 5-3 (Groundball, 56)
Bottom of the 7th over - 0 run(s), 1 hit(s), 0 error(s), 1 left on base; Colorado 4 - West Virginia 2
TOP OF THE 8TH
Colorado Buffaloes batting - Pitching for West Virginia Mountaineers : RHP Jim Rawnsley
Batting: LHB Marcos Fontanez 0-0: Called Strike
0-1: Called Strike
0-2: Strikes out looking
Batting: LHB Ethan Shaw 0-0: Ball
1-0: Ground out 3-1 (Groundball, 34S)
Batting: LHB Clarence Bowers 0-0: Ground out 4-3 (Groundball, 4M)
Top of the 8th over - 0 run(s), 0 hit(s), 0 error(s), 0 left on base; Colorado 4 - West Virginia 2
BOTTOM OF THE 8TH
West Virginia Mountaineers batting - Pitching for Colorado Buffaloes : LHP Víctor Ramírez
Pitching: LHP Bobby Brown
Batting: RHB Elvis Bingham 0-0: Ball
1-0: Ball
2-0: Fly out, F7 (Line Drive, 7M)
Batting: LHB Nick Gamble 0-0: Swinging Strike
0-1: Ball
1-1: Foul Ball, location: 2F
1-2: SOLO HOME RUN (Flyball, 7LD), Distance : 321 ft
Pitching: LHP Mike Orkney
Batting: RHB Paul Rainford 0-0: Ball
1-0: Called Strike
1-1: Foul Ball, location: 2F
1-2: Ball
2-2: Strikes out looking
Pitching: RHP Jorge Mendoza
Batting: RHB Gary Stephenson 0-0: Called Strike
0-1: Fly out, F8 (Flyball, 8RM)
Bottom of the 8th over - 1 run(s), 1 hit(s), 0 error(s), 0 left on base; Colorado 4 - West Virginia 3
TOP OF THE 9TH
Colorado Buffaloes batting - Pitching for West Virginia Mountaineers : RHP Jim Rawnsley
Pitching: RHP Ashton Martínez
Batting: RHB Eddie Woods 0-0: Ball
1-0: Ball
2-0: Ball
3-0: Called Strike
3-1: Called Strike
3-2: Strikes out swinging
Batting: LHB Will Elliott 0-0: Fly out, F9 (Flyball, 9S)
Batting: RHB Henry Barker 0-0: Called Strike
0-1: Swinging Strike
0-2: Strikes out looking
Top of the 9th over - 0 run(s), 0 hit(s), 0 error(s), 0 left on base; Colorado 4 - West Virginia 3
BOTTOM OF THE 9TH
West Virginia Mountaineers batting - Pitching for Colorado Buffaloes : RHP Jorge Mendoza
Pitching: RHP Ralph Williams
Now at SS: Jay Black
Batting: RHB Drew Logan 0-0: Ball
1-0: Ball
2-0: Ball
3-0: Base on Balls
Batting: RHB Jason MacKnight 0-0: Called Strike
0-1: Sac Bunt - play at first, batter OUT! 1-3
Drew Logan to second
Batting: RHB Luis Costa 0-0: Foul Ball, location: 2F
0-1: Ball
1-1: Ball
2-1: Called Strike
2-2: Ball
3-2: Ground out 5-3 (Groundball, 56S)
Drew Logan to third
Batting: RHB Howard Gould 0-0: Called Strike
0-1: Ball
1-1: Foul Ball, location: 2F
1-2: Ball
2-2: Fly out, F7 (Flyball, 78M)
Bottom of the 9th over - 0 run(s), 0 hit(s), 0 error(s), 1 left on base; Colorado 4 - West Virginia 3
This league is powered by Out of the Park Baseball, the baseball management simulation game for PC, Mac and Linux
Tuesday, August 2nd, 2016 - OOTP Baseball 16.8 Build 38